 Dungeon Crawl Stone Soup version 0.26.1-11-gd32895ea62 (webtiles) character file.

Game seed: 3363278591829703708

2215 Zeld the Magician (level 9, 0/54 HPs)
             Began as an Octopode Brigand on May 16, 2021.
             Was a Priest of Fedhas.
             Slain by a wraith (12 damage)
             ... on level 6 of the Dungeon.
             The game lasted 00:10:36 (9779 turns).

Zeld the Magician (Octopode Brigand)                Turns: 9779, Time: 00:10:36

Health: 0/54       AC:  8    Str: 14    XL:     9   Next: 35%
Magic:  29/29      EV: 13    Int: 17    God:    Fedhas [***...]
Gold:   111        SH:  0    Dex: 13    Spells: 22/22 levels left

rFire    . . .     SeeInvis .   g - +2 dagger "Vedghaevo" {protect, Int+4}
rCold    . . .     Faith    .   (no shield)
rNeg     . . .     Spirit   .   (helmet restricted)
rPois    .         Reflect  .   (no amulet)
rElec    .         Harm     .   h - ring of magical power
rCorr    .         Rampage  .   (no ring)
Will     .....                  (no ring)
Stlth    ++++......             (no ring)
HPRegen  0.18/turn              (no ring)
MPRegen  0.21/turn              (no ring)
                                (no ring)
                                (no ring)

@: mighty, protection aura, slowed, very slow
A: almost no armour, stealthy swim, amphibious, 8 rings, constrict 8, camouflage
1, gelatinous body 1
a: Renounce Religion, Wall of Briars, Grow Ballistomycete


You were on level 6 of the Dungeon.
You worshipped Fedhas.
Fedhas was most pleased with you.
You visited 2 branches of the dungeon, and saw 8 of its levels.
You also visited: Sewer.

You collected 386 gold pieces.
You spent 275 gold pieces at shops.

Inventory:

Hand Weapons
 a - a +2 dagger
 g - the +2 dagger "Vedghaevo" (weapon) {protect, Int+4}
   (You found it on level 5 of the Dungeon)

   It grants its wielder temporary protection when it strikes (+7 to AC).
   It affects your intelligence (+4).
Missiles
 b - 33 poisoned darts (quivered)
 c - a curare-tipped dart
 B - 2 atropa-tipped darts
Jewellery
 h - a ring of magical power (left tentacle)
Wands
 i - a wand of random effects (14)
 v - a wand of flame (26)
 w - a wand of paralysis (3)
 D - a wand of digging (2)
Scrolls
 d - 3 scrolls of remove curse
 e - 2 scrolls of teleportation
 k - 2 scrolls of fear
 m - 3 scrolls of enchant armour {unknown}
 n - 5 scrolls of enchant weapon {unknown}
 t - 3 scrolls of magic mapping {unknown}
 u - 2 scrolls of fog {unknown}
 y - a scroll of summoning {unknown}
 z - a scroll of silence {unknown}
 A - a scroll of amnesia {unknown}
 C - a scroll of identify
Potions
 f - 3 potions of brilliance {unknown}
 j - a potion of ambrosia {unknown}
 l - 3 potions of heal wounds {unknown}
 o - 2 potions of haste {unknown}
 p - a potion of magic {unknown}
 q - 2 potions of curing {unknown}
 r - 2 potions of might
 s - 2 potions of lignification {unknown}
 x - a potion of flight {unknown}
 E - a potion of berserk rage {unknown}


   Skills:
 - Level 2.0 Fighting
 * Level 7.2 Short Blades
 - Level 6.0 Throwing
 - Level 1.0 Dodging
 - Level 5.3 Stealth
 + Level 7.3 Spellcasting


You had 22 spell levels left.
You didn't know any spells.
Your spell library contained the following spells:

 Spells                   Type           Power        Failure   Level
 Summon Small Mammal      Summ           24%          11%         1
 Call Imp                 Summ           6%           17%         2
 Call Canine Familiar     Summ           6%           32%         3
 Summon Guardian Golem    Hex/Summ       6%           32%         3
 Summon Ice Beast         Ice/Summ       6%           73%         4
 Summon Lightning Spire   Summ/Air       6%           73%         4


Dungeon Overview and Level Annotations

Branches:
Dungeon (7/15)             Temple (1/1) D:5           Sewer (visited)

Altars:
Ashenzari
Cheibriados
Dithmenos
Fedhas
Gozag
Hepliaklqana
Makhleb
Nemelex Xobeh
Okawaru
Ru
Sif Muna
Trog
Uskayaw
Wu Jian
Xom
Zin
The Shining One

Shops:
D:4 }   D:5 (


Innate Abilities, Weirdness & Mutations

You cannot wear most types of armour.
You are very stealthy in the water. (Stealth+)
You are amphibious.
You can wear up to eight rings at the same time.
You can use your tentacles to constrict eight enemies at once.
Your skin changes colour to match your surroundings (Stealth+).
Your rubbery body absorbs attacks. (AC +1, EV +1)


Message History

The wraith is severely damaged.
The wraith hits you but does no damage.
You are too injured to fight recklessly!
You are too injured to fight recklessly!
You are too injured to fight recklessly!
You see here a war axe.
Press: ? - help, v - describe, . - travel
Here: a wraith (severely damaged)
The floor, spattered with blood.
You hit the wraith but do no damage. Your squeeze misses the wraith.
The wraith is severely damaged.
The wraith hits you.
* * * LOW HITPOINT WARNING * * *
The wraith drains your vigour!
You feel as though you will be slow longer.
Unknown command.
You feel very mighty all of a sudden. The wraith hits you!
You die...
Fedhas appreciates your contribution to the ecosystem.

#####....(.# #.#
##...#.# #.. ##.##.#
##.# #.##.# ###...
#.##.# #...#. #.##.#
#.#... ##..#.# #>##.#
#.W...# #.##.# #@#.###
#.##># #.#.#
#######.##.# ######.#.#
#.......##.#
#...##.#.###.#####.##.#
#......#.#.....# #.....
#..###.#.#.....###..###
#..# #.#........##..#
####..#######......##..#
#........#.##(.....###.#


You could see a wraith.

Vanquished Creatures
  Duvessa (D:4)
  An orc warrior (D:5)
  2 ice beasts
  5 ogres
  3 centaurs
  3 bullfrogs
  Dowan (D:4)
  3 howler monkeys
  4 wights
  2 orc priests (D:6)
  3 hounds
  A bullfrog skeleton (D:6)
  Jessica (D:2)
  7 worker ants
  14 adders
  A shadow imp (D:5)
  5 worms
  5 dart slugs
  8 leopard geckos
  22 orcs
  6 ball pythons
  5 giant cockroaches
  9 goblins
  7 hobgoblins
  6 jackals (Sewer)
  11 kobolds
  A quokka (D:6)
  5 bats
  8 frilled lizards
  A giant cockroach zombie (D:6)
  A quokka zombie (D:6)
  8 rats
160 creatures vanquished.

Vanquished Creatures (others)
  4 fungi (D:2)
  13 plants
17 creatures vanquished.

Grand Total: 177 creatures vanquished

Notes
Turn   | Place    | Note
-------+----------+-------------------------------------------
     0 | D:1      | Zeld the Octopode Brigand began the quest for the Orb.
     0 | D:1      | Reached XP level 1. HP: 14/14 MP: 1/1
   120 | D:2      | Found a shimmering altar of Xom.
   132 | D:2      | Found a blossoming altar of Fedhas.
   141 | D:2      | Became a worshipper of Fedhas Madash
   216 | D:1      | Reached XP level 2. HP: 19/19 MP: 2/2
   634 | D:1      | Reached skill level 1 in Spellcasting
   897 | D:1      | Reached XP level 3. HP: 20/24 MP: 4/4
  1295 | D:1      | Reached * piety under Fedhas
  1622 | D:2      | Reached XP level 4. HP: 25/29 MP: 6/6
  1793 | D:2      | Noticed an ogre
  1819 | D:2      | Killed an ogre
  1820 | D:2      | Reached XP level 5. HP: 34/34 MP: 6/8
  1886 | D:2      | Noticed Jessica
  1896 | D:2      | Killed Jessica
  2270 | D:2      | Noticed a black bear
  2964 | D:3      | Reached skill level 5 in Throwing
  2964 | D:3      | Reached XP level 6. HP: 39/39 MP: 8/10
  3104 | D:3      | Found a glowing drain.
  3121 | Sewer    | Entered a sewer
  3167 | Sewer    | Reached ** piety under Fedhas
  4669 | D:4      | Found Qunurr's Gadget Emporium.
  4692 | D:4      | Reached XP level 7. HP: 17/45 MP: 10/12
  5136 | D:4      | Bought a wand of flame (16) for 90 gold pieces
  5144 | D:4      | Found a snail-covered altar of Cheibriados.
  5210 | D:4      | Noticed Duvessa
  5210 | D:4      | Noticed Dowan
  5224 | D:4      | Killed Duvessa
  5232 | D:4      | Killed Dowan
  5418 | D:4      | Reached skill level 5 in Spellcasting
  5816 | D:4      | Reached *** piety under Fedhas
  5976 | D:4      | Bought a wand of flame (11) for 65 gold pieces
  5982 | D:5      | Entered Level 5 of the Dungeon
  5982 | D:5      | Found a hide-covered altar of Uskayaw.
  5982 | D:5      | Noticed a +0 dagger
  5982 | D:5      | Noticed a +0 hand axe
  6084 | D:5      | Found Qatro's Weapon Boutique.
  6162 | D:5      | Found a staircase to the Ecumenical Temple.
  6175 | Temple   | Entered the Ecumenical Temple
  6335 | D:5      | Got a transparent dagger
  6336 | D:5      | Identified the +2 dagger "Vedghaevo" {protect, Int+4} (You
                  | found it on level 5 of the Dungeon)
  6384 | D:5      | Reached XP level 8. HP: 30/50 MP: 16/16
  6533 | D:5      | Found a glowing silver altar of Zin.
  8548 | D:6      | Reached skill level 5 in Short Blades
  8705 | D:6      | Found a burning altar of Makhleb.
  8950 | D:5      | Reached XP level 9. HP: 45/54 MP: 19/19
  9101 | D:6      | Found an ornate altar of the Wu Jian Council.
  9374 | D:4      | Bought a wand of digging (2) for 120 gold pieces
  9704 | D:7      | Found a bloodstained altar of Trog.
  9779 | D:6      | Slain by a wraith

Illustrated notes

Levels and vault maps discovered:
D:1:      minmay_arrival_checkered_box, layout_basic, serial_glass,
          glass_columns_c, glass_columns_a
D:2:      layout_basic, fedhas_altar_3, overflow_temple_1_default,
          lightli_corner_chamber, uniq_jessica
D:3:      layout_rooms, cheibrodos_sewer_entry_bend
D:4:      layout_basic, cheibriados_altar_1, serial_shops, nicolae_shop_crystal,
          uniq_duvessa
D:5:      layout_loops_cross, dancing_weapons_uskayaw,
          lemuel_coloured_pillars_altar, temple_fountains, serial_shops,
          kennysheep_mini
D:6:      layout_loops_ring, lemuel_crystal_altar,
          nicolae_overflow_crystal_walls, bh_walls_and_bars
D:7:      layout_basic, old_standard_altar, lemuel_mausoleum_altar_yredelemnul,
          okawaru_ov_weapons_minmay, uniq_menkaure, uniq_harold, uniq_joseph
Temple:   kb_temple_of_zot

Skill      XL: |  1  2  3  4  5  6  7  8  9 |
---------------+----------------------------+-----
Spellcasting   | 1 2 3 5 6 7 |  7.3
Throwing       | 3 4 5 6 |  6.0
Short Blades   | 6 7 |  7.2
Fighting       | |  2.0
Dodging        | |  1.0
Stealth        | |  5.3

Action                   |  1- 3 |  4- 6 |  7- 9 || total
-------------------------+-------+-------+-------++-------
Melee: Dagger            |    55 |   147 |   222 ||   424
       Constrict         |    15 |    40 |    38 ||    93
       Tentacles         |     8 |    21 |    47 ||    76
Throw: Dart              |       |     4 |    21 ||    25
Evoke: Wand              |       |       |     6 ||     6
  Use: Scroll            |       |       |     6 ||     6
       Potion            |       |       |     1 ||     1
 Stab: Sleeping          |    12 |    19 |    17 ||    48
       Paralysed         |       |       |     1 ||     1
Armor: Skin              |     1 |     6 |    35 ||    42
Dodge: Dodged            |    25 |   103 |    90 ||   218
